 Dungeon Sprint DCSS version 0.28.0-43-g3370ac3207 (webtiles) character file.

Game seed: 15110743639521301814

10256 boopmooplesden the Executioner (level 11, -13/108 HPs)
             Began as a Minotaur Berserker on Mar 11, 2022.
             Was the Champion of Trog.
             Blown up by a cacodemon (37 damage)
             ... with a bolt of energy
             ... in the Dungeon (Sprint II: "The Violet Keep of Menkaure").
             The game lasted 00:06:21 (3165 turns).

boopmooplesden the Executioner (Minotaur Berserker) Turns: 3165, Time: 00:06:22

Health: -13/108    AC: 20    Str: 25    XL:     11   Next: 33%
Magic:  2/2        EV: 11    Int:  4    God:    Trog [******]
Gold:   495        SH:  0    Dex: 11    Spells: 10/10 levels left

rFire   . . .      SeeInvis .   o - +4 executioner's axe (antimagic)
rCold   + . .      Faith    .   (shield currently unavailable)
rNeg    . . .      Spirit   .   b - +1 plate armour {rC+}
rPois   .          Reflect  .   (helmet restricted)
rElec   .          Harm     .   (no cloak)
rCorr   .          Rampage  .   (no gloves)
Will    .....      NoTele   +   (no boots)
Stlth   ..........              (no amulet)
HPRegen 0.28/turn               (no ring)
MPRegen 0.08/turn               (no ring)

@: on berserk cooldown, slowed, very slow
A: horns 2, retaliatory headbutt, iridescent scales 1, frail 1, low MP 1,
screaming 1
a: Renounce Religion, Berserk, Trog's Hand, Brothers in Arms


You were in the Dungeon.
You worshipped Trog.
Trog was exalted by your worship.
You visited 1 branch You collected 1387 gold pieces.
You spent 892 gold pieces at shops.

Inventory:

Hand Weapons
 a - a +0 hand axe
 k - a +3 antimagic battleaxe
 o - a +4 antimagic executioner's axe (weapon)
Missiles
 j - 5 silver javelins (quivered)
Armour
 b - a +1 plate armour of cold resistance (worn)
 i - the +1 scale mail "Badifej" {+Inv}
   (You bought it in a shop in the Dungeon)

   +Inv:      It lets you turn invisible.
 q - a +0 plate armour
Jewellery
 p - a +6 ring of intelligence
Scrolls
 w - 2 scrolls of fear
Potions
 c - 5 potions of curing
 d - 3 potions of heal wounds
 e - 2 potions of haste
 f - 5 potions of magic
 g - a potion of berserk rage
 m - 6 potions of flight
 n - 2 potions of degeneration
 u - a potion of brilliance {unknown}
 v - 3 potions of resistance


   Skills:
 + Level 18.4 Fighting
 + Level 21.0 Axes
 + Level 15.6 Armour
 + Level 9.3 Dodging
 + Level 3.4 Stealth


You had 10 spell levels left.
You didn't know any spells.
Your spell library was empty.

Dungeon Overview and Level Annotations

Branches:
Dungeon (1/1)

Altars:
Cheibriados
Dithmenos
Elyvilon
Fedhas
Gozag
Hepliaklqana
Kikubaaqudgha
Makhleb
Nemelex Xobeh
Okawaru
Qazlal
Ru
Sif Muna
Trog
Uskayaw
Vehumet
Wu Jian
Xom
Yredelemnul
Zin
The Shining One
Beogh
Jiyva
Lugonu

Shops:
D :=![=[=!:*:[(?:

Annotations:
D exclusions: ice statue and oklob plant


Innate Abilities, Weirdness & Mutations

You have a pair of horns on your head.
You reflexively headbutt those who attack you in melee.
You are partially covered in iridescent scales. (AC +2)
You are frail. (-10% HP)
Your magical capacity is low. (-10% MP)
You occasionally shout uncontrollably at your foes.


Message History

You barely miss the yaktaur captain. You headbutt the yaktaur captain!
The yaktaur captain is almost dead.
The yaktaur captain hits you but does no damage.
The yaktaur captain hits you!
A centaur warrior comes into view.
The centaur warrior shouts!
You slice the yaktaur captain!!
You kill the yaktaur captain!
Trog accepts your kill.
You hear a trumpeting!
You hear a shout!
Your Axes skill increases to level 21!
Some rock shatters into small pieces.
An elephant and a cacodemon come into view.
Things that are here:
a +0 arbalest; 29 bolts; a yaktaur corpse The elephant trumpets!
The centaur warrior is engulfed in dark miasma.
The centaur warrior is poisoned.
The centaur warrior wields a +3 longbow.
The centaur warrior shoots an arrow.
The arrow hits you!!
* * * LOW HITPOINT WARNING * * *
The cacodemon gestures at you.
Strange energies course through your body.
You feel the urge to shout.
A black bear comes into view.
The centaur warrior is engulfed in dark miasma.
The centaur warrior looks even sicker.
The centaur warrior shoots an arrow.
The arrow hits you!
* * * LOW HITPOINT WARNING * * *
The elephant moves out of view.
The black bear growls angrily.
You see here a +0 mace.
Blink to where?
Press: ? - help, Dir - move target
As you read the scroll of blinking, it crumbles to dust.
You hear a grinding noise.
There is an open door, spattered with blood here.
The cacodemon gestures at you. The bolt of energy hits you!!!
You die...

,*,,c@.≈##°.°○...#*,≈,,,,,**#...▓
#######z≈#°''#+++##***,,,,*,*#°)▓
######≈≈≈.........#,,+,,,,*,,#:○▓
.∩.∩.#≈≈≈≈.#.'##..#,,***#.*,,#)}▓
∩.∩..#≈≈≈≈##2c.##.####,,+^##.#○"▓
.∩...#≈≈≈≈#.)...#,...#,,*...####▓
∩....#≈≈####)#.####..##**#..##.#▓
.∩...#≈##.##.'#.#.##..#,,+..#).#▓
∩.∩..#≈#.).#.)##@#.#..#,,#..#÷.#▓
.∩.∩.'≈'.#.'.<.'..#'..####..##.#▓
..∩..#≈#...##.##...#....###...##▓
▓▓▓###≈##.###'###.#§...§..≈≈≈≈≈≈≈
######≈≈####.#.####≈≈§§...≈#+####
#h,+,##≈≈≈#..#..#≈≈≈§≈§≈..§#..._.
+!,*+*#'#≈##.#.##≈≈≈≈≈§§§§≈#_._._
*$**≈*#:#≈≈##+##≈≈≈≈§§§≈≈≈≈#._._.
***≈≈≈###*≈≈≈≈≈≈≈≈≈≈≈≈≈≈≈≈≈#_._._


You could see a cacodemon and a centaur warrior (extremely poisoned, slow).

Vanquished Creatures
  A kraken (D)
  Kirke (D)
  2 boulder beetles (D)
  A yaktaur captain (D)
  A skeletal warrior (D)
  2 deep trolls (D)
  A merfolk siren (D)
  A yaktaur (D)
  3 polar bears (D)
  A hornet (D)
  A blink frog (D)
  12 flying skulls (D)
  4 neqoxecs (D)
  Menkaure (D)
  3 water moccasins (D)
  4 necrophages (D)
  4 tentacles (D)
43 creatures vanquished.

Vanquished Creatures (others)
  A water moccasin (D)
  17 tentacles (D)
18 creatures vanquished.

Grand Total: 61 creatures vanquished

Notes
Turn   | Place    | Note
-------+----------+-------------------------------------------
     0 | D        | boopmooplesden the Minotaur Berserker began the quest for
                  | the Orb.
     0 | D        | Reached XP level 1. HP: 19/19 MP: 0/0
     1 | D        | Noticed a necrophage
     1 | D        | Noticed a necrophage
     1 | D        | Noticed a necrophage
     1 | D        | Noticed a necrophage
     6 | D        | Killed a necrophage
     7 | D        | Reached skill level 7 in Axes
     7 | D        | Reached XP level 2. HP: 34/34 MP: 1/1
     7 | D        | Reached XP level 3. HP: 39/39 MP: 2/2
     7 | D        | Reached XP level 4. HP: 47/47 MP: 3/3
     9 | D        | Killed a necrophage
    10 | D        | Reached skill level 9 in Axes
    10 | D        | Reached XP level 5. HP: 56/56 MP: 4/4
    14 | D        | Killed a necrophage
    14 | D        | Reached ** piety under Trog
    15 | D        | Reached skill level 10 in Axes
    15 | D        | Reached skill level 5 in Armour
    19 | D        | Killed a necrophage
    20 | D        | Reached skill level 10 in Fighting
    20 | D        | Reached skill level 11 in Axes
    20 | D        | Reached XP level 6. HP: 67/67 MP: 5/5
    41 | D        | Noticed a neqoxec
    41 | D        | Noticed a neqoxec
    41 | D        | Noticed a neqoxec
    41 | D        | Noticed a neqoxec
    48 | D        | Killed a neqoxec
    49 | D        | Reached skill level 5 in Dodging
    58 | D        | Killed a neqoxec
    58 | D        | Reached *** piety under Trog
    59 | D        | Reached skill level 12 in Axes
    59 | D        | Reached XP level 7. HP: 53/77 MP: 6/6
    65 | D        | Killed a neqoxec
    66 | D        | Reached skill level 13 in Axes
    67 | D        | Gained mutation: You are frail. (-10% HP) [a neqoxec]
    71 | D        | Gained mutation: Your magical capacity is low. (-10% MP) [a
                  | neqoxec]
    78 | D        | Gained mutation: You are partially covered in iridescent
                  | scales. (AC +2) [a neqoxec]
    79 | D        | Killed a neqoxec
   375 | D        | Noticed a boulder beetle
   375 | D        | Noticed a boulder beetle
   378 | D        | Noticed a merfolk siren
   397 | D        | Killed a merfolk siren
   397 | D        | Reached **** piety under Trog
   398 | D        | Reached skill level 14 in Axes
   398 | D        | Reached XP level 8. HP: 53/79 MP: 6/6
   508 | D        | Found Vurhaf's Book Boutique.
   508 | D        | Found Ijatuck's Distillery.
   508 | D        | Found Wuluggo's Book Shop.
   508 | D        | Found Plog's Magic Scroll Shop.
   508 | D        | Found Reonylokk's Jewellery Boutique.
   509 | D        | Found Aseitipog's Antique Weapon Boutique.
   509 | D        | Found Acenkiod's Antique Armour Shop.
   509 | D        | Found Fuzxi's Antique Armour Boutique.
   509 | D        | Found Inoiter's Jewellery Shop.
   509 | D        | Found Akudiurch's Antique Armour Boutique.
   510 | D        | Found Qeagygg's Book Boutique.
   510 | D        | Found Lionkij's Assorted Antiques.
   510 | D        | Found Falejall's Distillery.
   510 | D        | Found Osintutaro's Jewellery Boutique.
   510 | D        | Noticed Menkaure
   510 | D        | Noticed a manticore
   510 | D        | Noticed a manticore
   527 | D        | Killed Menkaure
   529 | D        | Noticed a manticore
   529 | D        | Noticed an oklob plant
   696 | D        | Noticed a blink frog
   707 | D        | Killed a blink frog
   717 | D        | Found Huubbagi's Book Shoppe.
   729 | D        | Noticed a polar bear
   730 | D        | Bought a slimy scale mail for 216 gold pieces
   730 | D        | Identified the +1 scale mail "Badifej" {+Inv} (You bought
                  | it in a shop in the Dungeon)
   731 | D        | Noticed a polar bear
   863 | D        | Found a glowing golden altar of the Shining One.
   863 | D        | Found an ornate altar of the Wu Jian Council.
   864 | D        | Found a shimmering altar of Xom.
   864 | D        | Found a sacrificial altar of Ru.
   865 | D        | Found a basalt altar of Yredelemnul.
   865 | D        | Found a shimmering blue altar of Sif Muna.
   866 | D        | Found a glowing silver altar of Zin.
   866 | D        | Found a bloodstained altar of Trog.
   866 | D        | Found an ancient bone altar of Kikubaaqudgha.
   866 | D        | Found a stormy altar of Qazlal.
   866 | D        | Found a viscous altar of Jiyva.
   867 | D        | Found a hide-covered altar of Uskayaw.
   867 | D        | Found a corrupted altar of Lugonu.
   867 | D        | Found a shadowy altar of Dithmenos.
   868 | D        | Found a radiant altar of Vehumet.
   868 | D        | Found a burning altar of Makhleb.
   868 | D        | Found a white marble altar of Elyvilon.
   869 | D        | Found a sparkling altar of Nemelex Xobeh.
   869 | D        | Found a blossoming altar of Fedhas.
   870 | D        | Found an iron altar of Okawaru.
   870 | D        | Found an opulent altar of Gozag.
   871 | D        | Noticed a yaktaur
   871 | D        | Noticed a hornet
   871 | D        | Noticed a polar bear
   871 | D        | Noticed a polar bear
   877 | D        | Killed a polar bear
   878 | D        | Reached skill level 15 in Axes
   878 | D        | Reached skill level 1 in Stealth
   878 | D        | Noticed a polar bear
   884 | D        | Killed a polar bear
   885 | D        | Reached skill level 15 in Fighting
   885 | D        | Killed a polar bear
   885 | D        | Reached ***** piety under Trog
   886 | D        | Reached XP level 9. HP: 87/87 MP: 7/7
   889 | D        | Reached skill level 16 in Axes
   896 | D        | Killed a yaktaur
  1258 | D        | Noticed a kraken
  1885 | D        | Identified a scroll of acquirement
  1885 | D        | Acquired a +2 antimagic executioner's axe
  1912 | D        | Killed a kraken
  1913 | D        | Reached skill level 17 in Axes
  1913 | D        | Reached skill level 10 in Armour
  1916 | D        | Found a snail-covered altar of Cheibriados.
  1924 | D        | Reached XP level 10. HP: 27/97 MP: 2/8
  2086 | D        | Found a hazy altar of Hepliaklqana.
  2094 | D        | Noticed an ice statue
  2173 | D        | Noticed a deep troll
  2173 | D        | Noticed a deep troll
  2178 | D        | Killed a deep troll
  2185 | D        | Killed a deep troll
  2186 | D        | Reached skill level 18 in Axes
  2396 | D        | Bought a shiny plate armour for 676 gold pieces
  2447 | D        | Killed a boulder beetle
  2447 | D        | Received a gift from Trog
  2452 | D        | Killed a boulder beetle
  2742 | D        | Reached skill level 19 in Axes
  2752 | D        | Received a gift from Trog
  2765 | D        | Reached ****** piety under Trog
  2766 | D        | Reached XP level 11. HP: 67/106 MP: 2/8
  3125 | D        | Noticed Kirke
  3125 | D        | Noticed a yaktaur captain
  3125 | D        | Noticed a skeletal warrior
  3150 | D        | Killed Kirke
  3150 | D        | Received a gift from Trog
  3151 | D        | Reached skill level 20 in Axes
  3151 | D        | Reached skill level 15 in Armour
  3153 | D        | Killed a skeletal warrior
  3159 | D        | Noticed a centaur warrior
  3160 | D        | Killed a yaktaur captain
  3161 | D        | Reached skill level 21 in Axes
  3162 | D        | Noticed a cacodemon
  3162 | D        | Gained mutation: You occasionally shout uncontrollably at
                  | your foes. [a cacodemon]
  3165 | D        | Blown up by a cacodemon

Illustrated notes

Levels and vault maps discovered:
D:        the_violet_keep_of_menkaure [sprint2_stairs_cluster_1,
          sprint2_shoproom, sprint2_temple, sprint2_basic_supplies,
          sprint2_obstacle_7, sprint2_obstacle_2, sprint2_obstacle_1,
          sprint2_obstacle_3, sprint2_obstacle_5, sprint2_timed_cluster_1,
          sprint2_smallroom_cluster_1, sprint2_smallroom_final_cluster_1,
          sprint2_transparent_cluster_1, sprint2_second_timed_cluster_1,
          sprint2_sniper_area_1, sprint2_heavy_combat_area_1,
          sprint2_mutation_trap_area_1, sprint2_forest_area_1,
          sprint2_light_combat_area_1, sprint2_behind_water_1,
          sprint2_near_end_vault_1]

Skill      XL: |  1  2  3  4  5  6  7  8  9 10 11 |
---------------+----------------------------------+-----
Fighting       | 7 8 10 12 13 15 16 17 18 | 18.4
Axes           | 7 9 11 12 14 15 17 19 21 | 21.0
Armour         | 4 5 6 7 8 10 14 15 | 15.6
Dodging        | 3 4 5 6 7 9 |  9.3
Stealth        | 1 2 3 |  3.4

Action                   |  1- 3 |  4- 6 |  7- 9 | 10-12 || total
-------------------------+-------+-------+-------+-------++-------
Melee: Hand axe          |     4 |    29 |    95 |       ||   128
       Headbutt          |     1 |     6 |    15 |    13 ||    35
       Punch             |       |     2 |     1 |       ||     3
       Executioner's axe |       |       |    10 |    79 ||    89
Invok: Berserk           |     1 |       |     2 |     3 ||     6
  Use: Scroll            |       |       |    10 |     1 ||    11
Armor: Animal skin       |     1 |       |       |       ||     1
       Scale mail        |       |       |    20 |       ||    20
       Plate armour      |       |       |     7 |    29 ||    36
Dodge: Dodged            |     1 |     9 |    35 |    20 ||    65
